 Dungeon Crawl Stone Soup version 0.21-a0-71-g5e5ddd2 (webtiles) character file.

7829 xgamer67 the Geomancer (level 11, -3/63 HPs)
             Began as a Deep Elf Earth Elementalist on June 19, 2017.
             Was an Elder of Vehumet.
             Slain by an orc warrior
             ... wielding a +2 halberd of freezing
              (16 damage)
             ... on level 11 of the Dungeon.
             The game lasted 00:42:43 (13216 turns).

xgamer67 the Geomancer (DEEE)                      Turns: 13216, Time: 00:42:44

Health: -3/63      AC:  9    Str:  5    XL:     11   Next: 1%
Magic:  31/34      EV: 16    Int: 28    God:    Vehumet [****..]
Gold:   591        SH:  7    Dex: 22    Spells: 15/27 levels left

rFire    + . .     SeeInvis .   a - +7 falchion of Huomesy {holy, MP+9 Int+4 Dex+4}
rCold    . . .     Gourm    .   D - +0 buckler
rNeg     . . .     Faith    .   r - +0 leather armour (curse)
rPois    .         Spirit   .   j - +2 helmet
rElec    .         Reflect  .   (no cloak)
rCorr    .         Harm     .   B - +1 pair of gloves {Dex+3}
MR       +....                  K - +0 pair of boots
Stlth    ++........             (no amulet)
HPRegen  0.20/turn              H - ring of protection from fire
MPRegen  0.24/turn              (no ring)

@: studying Poison Magic
A: no striking features
a: Renounce Religion


You were on level 11 of the Dungeon.
You worshipped Vehumet.
Vehumet was greatly pleased with you.
You were not hungry.

You visited 1 branch of the dungeon, and saw 11 of its levels.

You collected 645 gold pieces.
You spent 54 gold pieces at shops.

Inventory:

Hand Weapons
 a - the +7 falchion of Huomesy (weapon) {holy, MP+9 Int+4 Dex+4}
   (You found it on level 11 of the Dungeon)

   It has been blessed by the Shining One to cause great damage to the undead
   and demons.
   It affects your intelligence (+4).
   It affects your dexterity (+4).
   It affects your magic capacity (+9).
 b - a +1 dagger of venom
 z - a +1 short sword of draining
 M - a +0 short sword of electrocution
 O - a +0 rapier of venom
Missiles
 w - 143 stones (quivered)
Armour
 c - a +0 robe
 j - a +2 helmet (worn)
 n - a +2 hat
 r - a cursed +0 leather armour (worn)
 B - a +1 pair of gloves of dexterity (worn)
 D - a +0 buckler (worn)
 K - a +0 pair of boots (worn)
Magical Staves
 Q - a cursed staff of summoning {unknown}
Jewellery
 l - an uncursed ring of fire
 H - a ring of protection from fire (left hand)
Wands
 q - a wand of digging (21/24)
 v - a wand of flame (22/48)
 y - a wand of lightning (10/15)
 A - a wand of clouds (2/9)
 C - a wand of paralysis (14/24)
 J - a wand of iceblast (10/15)
 N - a wand of disintegration (10/24)
Scrolls
 h - 4 scrolls of remove curse
 u - 6 scrolls of magic mapping
 x - 8 scrolls of teleportation
 F - a scroll of fog
 G - 3 scrolls of recharging
Potions
 f - 4 potions of lignification
 g - a potion of brilliance
 k - a potion of invisibility
 m - a potion of haste
 o - a potion of cancellation
 p - 2 potions of heal wounds
 s - 3 potions of curing
 t - 3 potions of flight
 I - 2 potions of degeneration {unknown}
Books
 e - a book of Geomancy

   Spells                             Type                      Level
   a - Sandblast                      Earth                        1
   b - Passwall                       Transmutation/Earth          2
   c - Stone Arrow                    Conjuration/Earth            3
   d - Petrify                        Transmutation/Earth          4
   e - Lee's Rapid Deconstruction     Earth                        5
 L - a manual of Poison Magic
Comestibles
 d - 13 bread rations
 i - 5 meat rations
 E - a fruit
 P - 2 chunks of flesh


   Skills:
 - Level 5.1 Fighting
 + Level 6.1 Dodging
 - Level 2.4 Stealth
 - Level 6.5 Shields
 + Level 8.5 Spellcasting
 - Level 6.1 Conjurations
 - Level 1.1 Transmutations
 - Level 11.0 Earth Magic


You had 15 spell levels left.
You knew the following spells:

 Your Spells              Type           Power        Failure   Level  Hunger
a - Sandblast             Erth           ######       1%          1    None
b - Magic Dart            Conj           ####         1%          1    None
c - Stone Arrow           Conj/Erth      ######       1%          3    None
d - Lee's Rapid Deconstr  Erth           ######....   1%          5    ####...
A - Passwall              Tmut/Erth      #####.....   1%          2    None


Dungeon Overview and Level Annotations

Branches:
Dungeon (11/15)            Temple (0/1) D:4            Lair (0/6) D:11
    Orc (0/2) D:9

Altars:
Makhleb
Vehumet

Shops:
D:9 [

Annotations:
D:4 exclusion: oklob sapling
D:10 exclusion: centaur
D:11 exclusion: two-headed ogre


Message History

Confirm with . or Enter, or press ? or * to list all spells.
Aiming: Stone Arrow
Press: ? - help, Shift-Dir - straight line, f - orc warrior
Aim: an orc warrior, wielding a halberd of freezing and wearing a chain mail The stone arrow hits the orc warrior.
The orc warrior is severely wounded.
The orc warrior hits you from afar with a halberd of freezing!
* * * LOW HITPOINT WARNING * * *
The orc warrior freezes you.
* * * LOW HITPOINT WARNING * * *
The phantom blinks!
Casting: Stone Arrow
Confirm with . or Enter, or press ? or * to list all spells.
Aiming: Magic Dart
Press: ? - help, Shift-Dir - straight line, f/p - orc warrior
Aim: an orc warrior, wielding a halberd of freezing and wearing a chain mail (severely wounded)
The magic dart hits the orc warrior.
The orc warrior is severely wounded.
The orc warrior hits you from afar with a halberd of freezing!
You die...

#.##.....##
#.###...##
#.#.#..## #.#.).##
#######.#.###
#...).W.)..#
#o#####.#<##
#.#.....##########
#@#.####..........
#.#......#########
#.#.###### #..#.##
##.###.## #.##
##.# ##.###.##
#..#..## #.#....##


You could see an orc warrior.

Vanquished Creatures
  2 two-headed ogres
  The ghost of anet the Covered, a novice GrWz (D:8)
  An elephant (D:11)
  2 trolls
  A hornet (D:8)
  A wyvern (D:8)
  Sigmund (D:3)
  A vampire (D:11)
  A steam dragon (D:10)
  A yak (D:11)
  2 hungry ghosts
  A black bear (D:6)
  A phantom (D:6)
  2 sky beasts
  A hornet zombie (D:10)
  3 orc warriors
  An ice beast (D:10)
  6 ogres
  A centaur (D:10)
  4 big kobolds
  2 crocodiles (D:11)
  5 bullfrogs
  4 scorpions
  4 killer bees (D:9)
  4 wights (D:11)
  4 howler monkeys
  2 centaur zombies
  2 crimson imps
  A bullfrog zombie (D:5)
  11 hounds
  A jelly (D:8)
  2 orc priests
  A quasit (D:5)
  2 centaur skeletons (D:4)
  2 iguanas (D:8)
  A bullfrog skeleton (D:6)
  4 orc wizards
  5 worker ants
  A hound zombie (D:10)
  A hound skeleton (D:9)
  7 gnolls
  17 adders
  4 shadow imps
  2 oozes
  An adder zombie (D:5)
  2 adder skeletons
  3 worms
  5 dart slugs
  6 leopard geckos
  22 orcs
  9 bats
  6 giant cockroaches
  7 goblins
  9 hobgoblins
  14 jackals
  27 kobolds
  3 quokkas
  A ball python skeleton (D:4)
  6 frilled lizards
  A leopard gecko skeleton (D:6)
  13 rats
258 creatures vanquished.

Notes
Turn   | Place    | Note
-------+----------+-------------------------------------------
     0 | D:1      | xgamer67 the Deep Elf Earth Elementalist began the quest for the Orb.
     0 | D:1      | Reached XP level 1. HP: 10/10 MP: 6/6
   945 | D:1      | Reached XP level 2. HP: 5/15 MP: 6/8
   948 | D:1      | Reached skill level 4 in Earth Magic
   955 | D:1      | Learned a level 2 spell: Passwall
  1401 | D:1      | Reached XP level 3. HP: 17/19 MP: 6/9
  1406 | D:1      | Learned a level 3 spell: Stone Arrow
  2203 | D:1      | Reached skill level 5 in Earth Magic
  2781 | D:2      | Reached XP level 4. HP: 15/24 MP: 7/10
  3805 | D:3      | Noticed Sigmund
  3927 | D:3      | Reached skill level 6 in Earth Magic
  4014 | D:3      | Reached XP level 5. HP: 28/28 MP: 9/11
  4319 | D:3      | Killed Sigmund
  4319 | D:3      | Reached skill level 7 in Earth Magic
  4319 | D:3      | Reached XP level 6. HP: 29/32 MP: 9/12
  4326 | D:3      | Learned a level 5 spell: Lee's Rapid Deconstruction
  4896 | D:4      | Reached skill level 1 in Conjurations
  4974 | D:4      | Reached skill level 8 in Earth Magic
  4977 | D:4      | Found a radiant altar of Vehumet.
  4987 | D:4      | Became a worshipper of Vehumet
  5100 | D:4      | Found a staircase to the Ecumenical Temple.
  5115 | D:4      | Noticed an orc warrior
  5137 | D:4      | Killed an orc warrior
  5137 | D:4      | Reached XP level 7. HP: 15/36 MP: 6/15
  6128 | D:5      | Entered Level 5 of the Dungeon
  6454 | D:5      | Reached skill level 9 in Earth Magic
  6486 | D:5      | Reached * piety under Vehumet
  6486 | D:5      | Offered knowledge of Magic Dart by Vehumet.
  6489 | D:5      | Learned a level 1 spell: Magic Dart
  6603 | D:5      | Found a burning altar of Makhleb.
  6833 | D:6      | Reached XP level 8. HP: 34/41 MP: 16/16
  7085 | D:6      | Reached skill level 5 in Conjurations
  7194 | D:6      | Reached skill level 5 in Spellcasting
  7360 | D:6      | Reached skill level 10 in Earth Magic
  7856 | D:7      | Reached skill level 5 in Dodging
  7856 | D:7      | Reached skill level 1 in Shields
  8135 | D:7      | Reached ** piety under Vehumet
  8135 | D:7      | Offered knowledge of Freeze by Vehumet.
  8419 | D:8      | Reached XP level 9. HP: 42/45 MP: 12/18
  8506 | D:8      | Noticed anet's ghost (novice GrWz)
  9071 | D:8      | Identified a scroll of acquirement
  9567 | D:9      | Noticed a two-headed ogre
  9725 | D:9      | Reached skill level 5 in Shields
  9734 | D:9      | Noticed a two-headed ogre
 10233 | D:8      | Killed anet's ghost
 10337 | D:8      | Reached skill level 1 in Fighting
 10515 | D:9      | Offered knowledge of Static Discharge by Vehumet.
 10609 | D:9      | Found Pyutam's Armour Emporium.
 10613 | D:9      | Bought a +0 pair of boots for 54 gold pieces
 10697 | D:9      | Reached XP level 10. HP: 55/55 MP: 16/19
 10710 | D:9      | Reached *** piety under Vehumet
 10741 | D:9      | Killed a two-headed ogre
 11018 | D:9      | Found a staircase to the Orcish Mines.
 11192 | D:10     | Entered Level 10 of the Dungeon
 11288 | D:10     | Reached skill level 5 in Fighting
 11306 | D:10     | Offered knowledge of Dazzling Spray by Vehumet.
 12333 | D:11     | Noticed a two-headed ogre
 12396 | D:11     | Noticed a cyclops
 12548 | D:11     | Got a smoking falchion
 12549 | D:11     | Identified the +7 falchion of Huomesy {holy, MP+9 Int+4 Dex+4} (You found it on level 11 of the Dungeon)
 12644 | D:11     | Found a staircase to the Lair.
 12647 | D:11     | Noticed an elephant
 12687 | D:11     | Killed an elephant
 12846 | D:11     | Reached **** piety under Vehumet
 12913 | D:11     | Offered knowledge of Yara's Violent Unravelling by Vehumet.
 13130 | D:11     | Killed a two-headed ogre
 13130 | D:11     | Reached skill level 11 in Earth Magic
 13146 | D:11     | Reached XP level 11. HP: 63/63 MP: 25/25
 13216 | D:11     | Slain by an orc warrior

Vault maps used:
D:1:      onia_arrival_larder
D:2:      hangedman_feature_mirror, minmay_tetromino_t4
D:3:      first_bread, minmay_fountain_box, uniq_sigmund
D:4:      vehumet_crystals, minmay_temple_entry_oklob, serial_bayou_pond_e,
          nrook_loot_triangle, guppyfry_early_orc_mine
D:5:      minivault_26, makhleb_heckhound_becter
D:6:      kennysheep_flooded_box, minmay_misc_feat_plants
D:9:      orc_0_dummy, serial_shops, nicolae_shop_trees
D:10:     grunt_ogre_cave
D:11:     david_lair_generic

Skill      XL: |  1  2  3  4  5  6  7  8  9 10 |
---------------+-------------------------------+-----
Earth Magic    | 4 5 6 7 8 9 10 11 | 11.0
Conjurations   | 2 4 5 6 |  6.1
Spellcasting   | 4 5 8 |  8.5
Dodging        | 5 6 |  6.1
Shields        | 2 6 |  6.5
Fighting       | 2 5 |  5.1
Stealth        | |  2.4
Transmutations | |  1.1

Action                   |  1- 3 |  4- 6 |  7- 9 | 10-12 || total
-------------------------+-------+-------+-------+-------++-------
Melee: Unarmed           |    21 |       |       |       ||    21
       Short sword       |    88 |       |       |       ||    88
       Mace              |     2 |       |       |       ||     2
       Dagger            |    28 |   168 |   182 |    46 ||   424
       Falchion          |       |       |       |    27 ||    27
 Cast: Sandblast         |    33 |    59 |   133 |    71 ||   296
       Magic Dart        |       |       |    39 |    20 ||    59
       Stone Arrow       |       |       |     3 |    14 ||    17
       Passwall          |       |       |     3 |       ||     3
       Lee's Rapid Decon |       |       |     1 |     3 ||     4
  Use: Scroll            |     5 |     6 |     8 |     3 ||    22
       Potion            |       |       |     2 |       ||     2
 Stab: Sleeping          |     6 |     5 |     4 |       ||    15
  Eat: Chunk             |     6 |     7 |    17 |     9 ||    39
       Fruit             |       |       |     1 |     2 ||     3
Armor: Robe              |    30 |    27 |       |       ||    57
       Leather armour    |       |    51 |    54 |    12 ||   117
Dodge: Dodged            |   116 |   147 |   134 |    57 ||   454
Block: Buckler           |       |       |    31 |    40 ||    71
       Rpst.: Falchion   |       |       |       |     6 ||     6
